Selects Italian Combined Arms Battlegroup
Selects Bersaglieri Squad
Kradschützen Motorcycle Team
Construct Light Support Kompanie
Selects Bersaglieri Bolster
Selects Breda Model 30 Light Machine Guns
le.IG 18 Mechanized Group
Construct Panzerarmee Kommand
Walking Stuka Rocket Launcher
Selects Semovente da 75/18 Assault Gun
Walking Stuka Rocket Launcher